 Dungeon Crawl Stone Soup version 0.18-a0-971-g0af6217 (webtiles) character file.

2180 JokEr the Fighter (level 9, -2/75 HPs)
             Began as a Demonspawn Fighter on Jan 2, 2016.
             Slain by an orc warrior
             ... wielding a +0 halberd
              (8 damage)
             ... on level 6 of the Dungeon.
             The game lasted 00:10:58 (4712 turns).

JokEr the Fighter (Demonspawn Fighter)              Turns: 4712, Time: 00:10:58

Health: -2/75      AC:  6    Str: 25    XL:     9   Next: 11%
Magic:  0/9        EV:  7    Int:  9    God:
Gold:   483        SH:  9    Dex: 13    Spells: 0 memorised, 8 levels left

rFire  . . .     SeeInvis .     a - +1 war axe
rCold  . . .     Gourm    .     b - +0 scale mail
rNeg   . . .     Faith    .     c - +0 shield
rPois  .         Spirit   +     (helmet restricted)
rElec  .         Dismiss  .     (no cloak)
rCorr  .         Reflect  .     (no gloves)
SustAt .         Harm     .     (no boots)
MR     .....     Rnd*Tele +     n - amulet of guardian spirit
Stlth  +.........               u - ring of teleportation (curse)
                                C - ring of stealth

@: mighty, not resistant to hostile enchantments, very unstealthy
A: claws 2, horns 1, powered by death 2
a: Evoke Teleportation


You were on level 6 of the Dungeon.
You were not hungry.

You visited 1 branch of the dungeon, and saw 6 of its levels.

You collected 483 gold pieces.

Inventory:

Hand Weapons
 a - a +1 war axe (weapon)
Armour
 b - a +0 scale mail (worn)
 c - a +0 shield (worn)
Jewellery
 l - an uncursed ring of positive energy
 n - an amulet of guardian spirit (around neck)
 u - a cursed ring of teleportation (right claw)
 y - an uncursed ring of protection from cold
 z - an uncursed ring of wizardry {unknown}
 C - a ring of stealth (left claw)
 H - an uncursed ring of protection from cold
Wands
 r - a wand of lightning (10/15)
 w - a wand of digging (22/24)
 F - a wand of paralysis (12/24)
Scrolls
 g - a scroll of magic mapping
 q - 2 scrolls of amnesia
 t - 2 scrolls of identify
 G - a scroll of noise {unknown}
Potions
 d - 2 potions of might
 e - a potion of cancellation
 h - a potion of cure mutation
 j - 2 potions of haste
 k - 3 potions of degeneration
 m - a potion of invisibility {unknown}
 p - a potion of mutation {unknown}
 v - a potion of lignification {unknown}
 x - a potion of agility {unknown}
 A - a potion of poison {unknown}
 D - 2 potions of brilliance {unknown}
Comestibles
 f - 3 bread rations
 i - 4 meat rations
 o - 2 slices of pizza
 s - 4 fruits
 B - 3 beef jerkies
 E - 6 chunks of flesh


   Skills:
 + Level 8.9 Fighting
 + Level 8.2 Axes
 - Level 2.6 Armour
 - Level 2.6 Shields


You had 8 spell levels left.
You didn't know any spells.

Dungeon Overview and Level Annotations

Branches:
Dungeon (6/15)             Temple (0/1) D:5

Altars:
Gozag
Makhleb
Pakellas
Xom


Innate Abilities, Weirdness & Mutations

You have very sharp fingernails.
You have a pair of small horns on your head.
You regenerate health from kills.


Message History

You hit the orc priest but do no damage.
The orc priest is moderately wounded.
You block the orc priest's attack.
The orc warrior hits you from afar with a halberd!
* * * LOW HITPOINT WARNING * * *
Drink which item? (? for menu, Esc to quit)
You feel very mighty all of a sudden. The orc priest closely misses you.
You closely miss the orc priest.
The orc priest is moderately wounded.
You feel less regenerative. You block the orc warrior's attack.
The orc priest barely misses you.
Your shield and scale mail prevent you from hitting the orc priest.
Your headbutt misses the orc priest.
The orc priest is moderately wounded.
You block the orc warrior's attack. You block the orc priest's attack.
You barely miss the orc priest. Your headbutt misses the orc priest.
The orc priest is moderately wounded.
The orc warrior hits you from afar with a halberd!
You die...

.........####....#########.####.#
########## ####...†.......#....#
##..........#.#...
#..>........#...##
#?#.........#.....
#.#.##'####.#..... #.#.##.#
#.##..## #.#.##.####.......
#@#.##..........##
#o#.####.#####.### ......{o#.#
#........). ......###.#
#.#####.### ....<. #.# #.# .....
#.# ..... #.# .... #.# #### #.#


You could see an orc warrior and an orc priest.

Vanquished Creatures
  An ice beast (D:6)
  3 ogres (D:6)
  A phantom (D:5)
  A necrophage (D:6)
  A centaur (D:5)
  6 giant frogs
  A scorpion (D:3)
  7 wights (D:6)
  3 crimson imps
  A centaur zombie (D:6)
  A giant frog zombie (D:5)
  2 hounds
  A jelly (D:5)
  A gnoll shaman (D:6)
  4 orc wizards
  2 giant frog skeletons
  Ijyb (D:2)
  4 worker ants
  A hound zombie (D:6)
  A hound skeleton (D:6)
  A worker ant zombie (D:6)
  Robin (D:3)
  3 gnolls (D:4)
  7 adders
  2 adder zombies (D:5)
  5 worms
  4 giant geckos
  18 orcs
  4 ball pythons
  10 bats
  5 giant cockroaches
  22 goblins
  8 hobgoblins
  9 jackals
  3 kobolds (D:2)
  4 quokkas
  A giant cockroach zombie (D:6)
  A giant newt (D:4)
  A jackal skeleton (D:4)
  A quokka skeleton (D:5)
  10 rats
163 creatures vanquished.

Notes
Turn   | Place    | Note
--------------------------------------------------------------
     0 | D:1      | JokEr the Demonspawn Fighter began the quest for the Orb.
     0 | D:1      | Reached XP level 1. HP: 18/18 MP: 1/1
   127 | D:1      | Gained mutation: You regenerate a little health from kills. [demonic ancestry]
   127 | D:1      | Reached XP level 2. HP: 24/24 MP: 2/2
   867 | D:2      | Found an oddly glowing altar of Pakellas.
   952 | D:2      | Gained mutation: You regenerate health from kills. [demonic ancestry]
   952 | D:2      | Reached XP level 3. HP: 29/29 MP: 3/3
  1050 | D:2      | Noticed Ijyb
  1065 | D:2      | Killed Ijyb
  1192 | D:2      | Gained mutation: You have a pair of small horns on your head. [demonic ancestry]
  1192 | D:2      | Reached XP level 4. HP: 27/37 MP: 4/4
  1795 | D:2      | Reached skill level 4 in Fighting
  1855 | D:3      | Reached XP level 5. HP: 42/42 MP: 1/5
  1988 | D:3      | Noticed Robin
  2008 | D:3      | Killed Robin
  2298 | D:3      | Gained mutation: You have sharp fingernails. [demonic ancestry]
  2298 | D:3      | Reached XP level 6. HP: 50/50 MP: 6/6
  2527 | D:4      | Reached skill level 5 in Fighting
  2653 | D:4      | Reached skill level 5 in Axes
  2965 | D:4      | Found an opulent altar of Gozag.
  3215 | D:5      | Entered Level 5 of the Dungeon
  3268 | D:5      | Gained mutation: You have very sharp fingernails. [demonic ancestry]
  3268 | D:5      | Reached XP level 7. HP: 50/57 MP: 5/7
  3347 | D:5      | Reached skill level 6 in Fighting
  3368 | D:5      | Found a burning altar of Makhleb.
  3403 | D:5      | Found a shimmering altar of Xom.
  3424 | D:5      | Found a staircase to the Ecumenical Temple.
  3950 | D:6      | Reached skill level 7 in Fighting
  3950 | D:6      | Reached XP level 8. HP: 65/67 MP: 6/8
  4156 | D:6      | Reached skill level 8 in Fighting
  4470 | D:6      | Reached XP level 9. HP: 66/75 MP: 7/9
  4712 | D:6      | Slain by an orc warrior

Vault maps used:
D:1:      dpeg_arrival_stonehenge_8_columns, serial_bayou_ford_a,
          minmay_fountain_box, serial_bayou_lake_a
D:2:      kennysheep_goblin_castle, grunt_pakellas_sulfur
D:3:      uniq_robin
D:4:      nicolae_gozag_seed_capital, minmay_misc_feat_encased,
          serial_bayou_lagoon_b
D:5:      bloody_makhleb, lemuel_doored_altar, minmay_temple_entry_large_hall,
          first_bread, gup_sewer_entry_spiral, minmay_misc_feat_diagonals
D:6:      forest_paths, fedhas_altar_decomposition

Action                   |  1- 3 |  4- 6 |  7- 9 || total
-------------------------+-------+-------+-------++-------
Melee: War axe           |    89 |   198 |   302 ||   589
  Use: Scroll            |     1 |    12 |     3 ||    16
       Potion            |       |       |     3 ||     3
  Eat: Chunk             |     1 |     6 |     6 ||    13
       Fruit             |       |     1 |       ||     1
